 Dungeon Crawl Stone Soup version 0.16.0-17-g811c1d7 (webtiles) character file.

3512 esc the Geomancer (level 10, -2/61 HPs)
             Began as a Gargoyle Earth Elementalist on Mar 20, 2015.
             Was a Believer of Sif Muna.
             Slain by a troll (10 damage)
             ... on level 9 of the Dungeon.
             The game lasted 00:29:15 (9244 turns).

esc the Geomancer (Gargoyle Earth Elementalist)     Turns: 9244, Time: 00:29:18

Health: -2/61      AC: 16    Str: 11    XL:     10   Next: 8%
Magic:  2/23       EV: 14    Int: 20    God:    Sif Muna [**....]
Gold:   412        SH:  0    Dex: 10    Spells: 3 memorised, 15 levels left

rFire  + . .     SeeInvis .       - Unarmed
rCold  . . .     Clarity  .     c - +0 robe
rNeg   + + .     SustAb   .     (no shield)
rPois  ∞         Gourm    .     (no helmet)
rElec  +         Spirit   .     j - +0 cloak
rCorr  .         Warding  +     F - +0 pair of gloves
rMut   .         Stasis   .     y - +1 pair of boots
MR     .....                    O - amulet of warding
Stlth  ++........               u - ring of protection from fire
                                w - +2 ring of slaying

@: stone skin, not resistant to hostile enchantments, unstealthy
A: negative energy resistance 1, electricity resistance, unbreathing,
petrification resistance, rot immunity, AC +7
a: Channel Energy, Forget Spell, Renounce Religion


You were on level 9 of the Dungeon.
You worshipped Sif Muna.
Sif Muna was pleased with you.
You were not hungry.

You visited 1 branch of the dungeon, and saw 9 of its levels.

You collected 412 gold pieces.

Inventory:

Missiles
 b - 180 stones (quivered)
 A - 2 throwing nets
Armour
 c - a +0 robe (worn)
 j - a +0 cloak (worn)
 y - a +1 pair of boots (worn)
 F - a +0 pair of gloves (worn)
Magical staves
 B - an uncursed staff of wizardry
Jewellery
 e - an uncursed ring of positive energy
 k - an uncursed amulet of resist mutation
 u - a ring of protection from fire (right hand)
 w - a +2 ring of slaying (left hand)
 O - an amulet of warding (around neck)
Magical devices
 s - a wand of disintegration (12)
 z - a wand of frost (31)
 E - a wand of flame (29)
 H - a wand of slowing (25)
 I - a wand of confusion (27)
 K - a wand of draining (6)
 L - a wand of frost (9)
 S - a wand of teleportation (3)
 T - a wand of draining (8)
Scrolls
 m - a scroll of blinking
 o - 2 scrolls of teleportation
 p - a scroll of amnesia
 r - 3 scrolls of identify
 x - 4 scrolls of enchant weapon
 M - a scroll of fog
 N - a scroll of fear
 P - a scroll of enchant armour
Potions
 f - 3 potions of flight
 g - 2 potions of agility
 h - a potion of restore abilities
 n - 3 potions of magic
 q - a potion of resistance
 t - 4 potions of might
 v - 5 potions of curing
 C - a potion of cancellation
 D - a potion of decay
 G - a potion of heal wounds
 J - a potion of mutation
Books
 d - a book of Geomancy

   Spells                             Type                      Level
   a - Sandblast                      Earth                        1
   b - Stoneskin                      Transmutation/Earth          2
   c - Passwall                       Transmutation/Earth          3
   d - Stone Arrow                    Conjuration/Earth            3
   e - Petrify                        Transmutation/Earth          4
   f - Lee's Rapid Deconstruction     Earth                        5
Comestibles
 a - 4 bread rations
 i - 3 meat rations
 l - 11 fruits
 Q - 9 royal jellies
 R - 14 chunks of flesh


   Skills:
 + Level 6.8 Fighting
 + Level 5.4 Dodging
 - Level 2.1 Stealth
 + Level 6.2 Unarmed Combat
 + Level 6.0 Spellcasting
 - Level 0.7 Transmutations
 + Level 8.3 Earth Magic


You had 15 spell levels left.
You knew the following spells:

 Your Spells              Type           Power        Failure   Level  Hunger
a - Sandblast             Erth           #####.       1%          1    None
b - Stoneskin             Trmt/Erth      ###.....     2%          2    None
c - Stone Arrow           Conj/Erth      ###...       8%          3    ##.....


Dungeon Overview and Level Annotations

Branches:
Dungeon (9/15)             Temple (0/1) D:6
   Lair: D:8-11         Orc: D:9-12

Altars:
Fedhas
Gozag
Makhleb
Qazlal
Sif Muna
Vehumet
Xom


Innate Abilities, Weirdness & Mutations

You are resistant to torment.
You are immune to poison.
Your stone body is very resilient (AC +7).
You resist negative energy.
You are resistant to electric shocks.
You can survive without breathing.
You are immune to petrification.
You are immune to rotting.


Message History

You barely miss the troll. You punch the troll.
The troll is moderately wounded.
The troll barely misses you. x2
The troll claws you but does no damage.
You barely miss the troll.
The troll is moderately wounded.
The troll closely misses you. The troll misses you.
The troll barely misses you.
You barely miss the troll.
The troll is moderately wounded.
The orc warrior misses you. The troll bites you but does no damage.
The troll barely misses you. The troll claws you but does no damage.
You hit the troll.
The troll is moderately wounded.
The orc warrior hits you with a battleaxe of freezing!
* * * LOW HITPOINT WARNING * * *
The orc warrior freezes you!
* * * LOW HITPOINT WARNING * * *
The troll bites you!
You die...

#.# #.# #.# #.# #.# #.#
#.#
####.#####.##########.###
.......o@................
#......T######)#####.####
....... #)# #.# ......h
#)# #.# >...... #.# #.#
...... #.# #.#
.....######.#####.####
.....................
###.##########.###


You could see a troll, an orc warrior and a black bear.

Vanquished Creatures
  Erolcha (D:8)
  A hippogriff (D:9)
  A sky beast (D:9)
  3 ogres
  2 black bears
  An orc warrior (D:6)
  A necrophage (D:7)
  Sigmund (D:3)
  A big kobold (D:7)
  6 giant frogs
  A water moccasin zombie (D:9)
  A scorpion (D:5)
  5 wights (D:6)
  2 killer bees (D:8)
  A goliath beetle (D:8)
  3 crimson imps
  3 jellies (D:9)
  Crazy Yiuf (D:3)
  2 orc priests
  2 hounds
  7 orc wizards
  A giant frog skeleton (D:4)
  3 iguanas
  5 worker ants
  A hound skeleton (D:7)
  A worker ant zombie (D:7)
  8 adders
  14 gnolls
  2 shadow imps
  2 giant mites
  A worm (D:2)
  An adder zombie (D:8)
  An adder skeleton (D:4)
  5 oozes (D:9)
  20 orcs
  A bat zombie (D:7)
  11 goblins
  20 hobgoblins
  10 jackals
  14 kobolds
  6 quokkas
  4 ball pythons
  13 bats
  5 giant cockroaches
  A giant cockroach zombie (D:5)
  2 giant geckos (D:6)
  2 giant gecko skeletons
  11 giant newts
  A quokka skeleton (D:5)
  9 rats
  A fungus (D:3)
222 creatures vanquished.

Vanquished Creatures (others)
  A quokka (D:9)
1 creature vanquished.

Grand Total: 223 creatures vanquished

Notes
Turn   | Place    | Note
--------------------------------------------------------------
     0 | D:1      | esc, the Gargoyle Earth Elementalist, began the quest for the Orb.
     0 | D:1      | Reached XP level 1. HP: 10/10 MP: 3/3
   110 | D:1      | Reached XP level 2. HP: 4/15 MP: 0/4
   494 | D:1      | Reached skill level 4 in Earth Magic
  1125 | D:2      | Reached XP level 3. HP: 18/20 MP: 6/6
  1291 | D:2      | Reached skill level 1 in Fighting
  1652 | D:2      | Reached skill level 1 in Unarmed Combat
  1761 | D:2      | Found a deep blue altar of Sif Muna.
  1767 | D:2      | Became a worshipper of Sif Muna the Loreminder
  1810 | D:2      | Learned a level 2 spell: Stoneskin
  1814 | D:2      | Learned a level 3 spell: Stone Arrow
  1857 | D:2      | Reached XP level 4. HP: 18/25 MP: 0/8
  2337 | D:2      | Found an opulent altar of Gozag.
  2875 | D:3      | Reached XP level 5. HP: 27/29 MP: 4/9
  3074 | D:3      | Noticed Sigmund
  3090 | D:3      | Killed Sigmund
  3222 | D:3      | Reached XP level 6. HP: 35/35 MP: 8/12
  3683 | D:3      | Reached skill level 5 in Earth Magic
  3734 | D:3      | Noticed Crazy Yiuf
  3741 | D:3      | Killed Crazy Yiuf
  3880 | D:4      | Reached XP level 7. HP: 39/41 MP: 10/15
  3931 | D:4      | Found a blossoming altar of Fedhas.
  4438 | D:5      | Entered Level 5 of the Dungeon
  4690 | D:5      | Found a radiant altar of Vehumet.
  5155 | D:5      | Found a burning altar of Makhleb.
  5165 | D:5      | Found a shimmering altar of Xom.
  5199 | D:5      | Reached XP level 8. HP: 45/48 MP: 17/17
  5530 | D:6      | Acquired Sif Muna's first power
  5540 | D:6      | Reached skill level 6 in Earth Magic
  6200 | D:6      | Found a staircase to the Ecumenical Temple.
  6377 | D:6      | Reached skill level 5 in Fighting
  6889 | D:7      | Reached skill level 5 in Unarmed Combat
  6892 | D:7      | Reached XP level 9. HP: 39/54 MP: 2/20
  6963 | D:7      | Reached skill level 7 in Earth Magic
  7052 | D:7      | Found a burning altar of Makhleb.
  7121 | D:7      | Reached skill level 5 in Spellcasting
  7202 | D:7      | You fall through a shaft!
  7380 | D:8      | Acquired Sif Muna's second power
  7459 | D:8      | Noticed Erolcha
  7474 | D:8      | Killed Erolcha
  7474 | D:8      | Reached skill level 5 in Dodging
  8188 | D:8      | Found a stormy altar of Qazlal.
  8518 | D:9      | Reached skill level 8 in Earth Magic
  9110 | D:9      | Reached XP level 10. HP: 44/61 MP: 23/23
  9244 | D:9      | Slain by a troll

Action                   |  1- 3 |  4- 6 |  7- 9 | 10-12 || total
-------------------------+-------+-------+-------+-------++-------
Melee: Unarmed           |   185 |   120 |   404 |    32 ||   741
       Staff             |       |       |     1 |       ||     1
Throw: Stone             |       |       |     1 |       ||     1
 Cast: Sandblast         |    23 |    52 |     2 |       ||    77
       Stoneskin         |       |     4 |     9 |     1 ||    14
       Stone Arrow       |       |       |    62 |     7 ||    69
  Use: Scroll            |    12 |     3 |    10 |     1 ||    26
       Potion            |       |       |     1 |       ||     1
 Stab: Sleeping          |       |     2 |     6 |       ||     8
       Distracted        |       |       |     1 |       ||     1
  Eat: Chunk             |     3 |     7 |    18 |       ||    28
       Fruit             |       |       |     2 |       ||     2
       Royal jelly       |       |       |     1 |       ||     1
